Map: [ESL] Site Delta

Players

Cure - Winner!

  • Race: Terran Terran
  • Spawn Location: 5:00

herO

  • Race: Protoss Protoss
  • Spawn Location: 11:00

Event: IEM Katowice 2024

VOD

Have the link to the VOD?

Description

Time

  • Played on: Feb. 10, 2024, 3:13 p.m.
  • Length: 14:54

All games in this series

Show
View Real Time Build Order
Export as new Build Order

Cure Terran - Winner!

Build Orders: Reaper Expand 

Get SALT Encoding   

  12  0:00  SCV  
  13  0:12  SCV  
  14  0:17  Supply Depot  
  14  0:24  SCV  
  15  0:38  SCV  
  15  0:40  Barracks  
  15  0:42  Refinery  
  16  0:50  SCV  
  17  1:02  SCV  
  18  1:14  SCV  
  19  1:27  Orbital Command, Reaper  
  20  1:38  Command Center  
  20  1:47  Supply Depot  
  20  1:53  SCV  
  21  1:59  Marine  
  22  2:05  SCV  
  22  2:06  Factory  
  23  2:15  Bunker  
  23  2:17  SCV  
  23  2:19  Barracks Reactor  
  24  2:28  Barracks  
  24  2:29  SCV  
  25  2:41  SCV  
  26  2:50  Hellion  
  27  2:52  Orbital Command  
  27  2:53  SCV  
  27  2:55  Marine  
  27  2:56  Marine  
  31  3:05  SCV  
  31  3:06  Barracks  
  31  3:12  Cyclone  
  33  3:14  Marine x2  
  33  3:18  SCV  
  33  3:19  Barracks Tech Lab  
  36  3:21  SCV  
  37  3:30  SCV  
  37  3:33  SCV  
  39  3:34  Supply Depot  
  39  3:37  Marine x2  
  41  3:44  Marine  
  41  3:46  SCV x2  
  44  3:49  Factory Tech Lab  
  44  3:54  Stimpack  
  44  3:58  Supply Depot, Refinery  
  44  4:00  SCV x2  
  44  4:02  Marine x3  
  49  4:03  Marine  
  48  4:12  SCV x2  
  48  4:13  Engineering Bay  
  50  4:23  Marine  
  50  4:24  Marauder, SCV x2, Marine  
  55  4:28  Marauder  
  58  4:32  Combat Shield, Supply Depot x2  
  58  4:37  SCV x2  
  60  4:43  Refinery  
  60  4:49  Marauder  
  62  4:53  Marine x2  
  62  4:54  Terran Infantry Weapons Level 1, Marauder, SCV x2  
  68  5:05  Supply Depot x2  
  68  5:06  SCV x2  
  70  5:10  Marauder  
  72  5:17  Starport  
  72  5:18  SCV x2, Refinery  
  74  5:23  Factory Reactor  
  74  5:28  Marauder, Marine x2  
  78  5:30  SCV x2  
  78  5:31  Marauder, Supply Depot  
  78  5:34  Concussive Shells  
  82  5:41  Supply Depot  
  82  5:42  SCV x2  
  84  5:47  Marine x2  
  84  5:48  Supply Depot  
  84  5:49  Marauder  
  88  5:53  Marauder  
  86  5:58  SCV x2  
  86  6:05  Factory Reactor  
  86  6:06  Marine x2  
  86  6:07  Medivac  
  86  6:11  Marauder  
  89  6:14  Marauder  
  89  6:25  Command Center  
  77  6:28  Marine x2  
  77  6:29  Medivac  
  77  6:32  Marauder  
  80  6:35  Marauder  
  80  6:37  Medivac  
  80  6:39  SCV x2  
  86  6:41  Barracks  
  86  6:42  Barracks  
  86  6:43  Widow Mine  
  88  6:48  Marine, Widow Mine  
  88  6:49  Terran Infantry Armor Level 1, Marine  
  88  6:53  Supply Depot  
  92  6:57  Marauder x2  
  96  7:02  SCV x2  
  96  7:05  Medivac  
  96  7:06  Marine x2  
  102  7:09  Medivac  
  102  7:12  Widow Mine x2  
  108  7:17  Supply Depot  
  108  7:27  Marauder x2, Marine x2  
  108  7:28  SCV x2  
  116  7:32  Supply Depot  
  115  7:37  Barracks Reactor, Barracks Tech Lab  
  115  7:38  Orbital Command  
  115  7:39  Viking x2  
  119  7:45  Ghost Academy  
  117  7:53  SCV x2  
  119  7:59  Orbital Command  
  119  8:00  Marauder, Marine x2  
  119  8:01  Marauder x2  
  119  8:04  Widow Mine x2  
  119  8:05  SCV x2  
  133  8:10  Viking  
  135  8:13  Missile Turret  
  135  8:18  Refinery  
  135  8:21  Supply Depot  
  135  8:22  Refinery  
  133  8:32  Marauder  
  133  8:33  Viking  
  133  8:34  Marauder, Marine x2  
  137  8:35  Marine x2  
  137  8:40  Viking, SCV x2  
  147  8:48  Widow Mine x2  
  150  8:51  SCV  
  150  8:52  SCV x2  
  150  8:53  Supply Depot  
  150  8:54  Supply Depot  
  149  8:57  Armory, Engineering Bay  
  149  9:01  Ghost x2  
  153  9:06  Ghost  
  153  9:08  Marine x3  
  158  9:16  Viking  
  162  9:17  Widow Mine x2  
  164  9:24  Supply Depot x2  
  164  9:25  Viking  
  164  9:32  SCV x3  
  164  9:36  Ghost  
  169  9:39  Ghost  
  169  9:40  Ghost  
  173  9:49  Marine x4  
  177  9:53  Viking  
  177  9:57  Viking  
  181  10:04  Ghost  
  180  10:10  Ghost x2, Marine x4  
  179  10:23  Medivac, Widow Mine x2  
  179  10:27  Medivac  
  187  10:33  Marauder, Marine x3  
  187  10:35  Command Center  
  192  10:37  Terran Infantry Weapons Level 2  
  192  10:49  Terran Infantry Armor Level 2  
  192  10:53  Medivac  
  192  10:54  Barracks  
  192  10:55  Barracks  
  194  10:57  Barracks  
  191  11:05  Marauder x2  
  187  11:16  Ghost, Marine x2  
  187  11:17  Marine x2  
  189  11:21  Viking  
  189  11:23  Missile Turret  
  189  11:26  Ghost, Marauder  
  189  11:34  Marine x4  
  189  11:37  SCV x3  
  193  11:45  Marauder  
  190  11:47  Marine  
  190  11:52  Marine x4  
  158  11:55  Marauder  
  158  11:59  Widow Mine x2, Medivac  
  155  12:05  Barracks Tech Lab  
  155  12:06  Barracks Reactor, Barracks Tech Lab, Marauder  
  155  12:07  Marauder  
  155  12:08  SCV x3  
  162  12:10  Marine x4  
  162  12:16  Marauder  
  159  12:26  Widow Mine x2  
  159  12:27  Marine x2  
  165  12:31  Marine x4  
  165  12:32  Marauder x2  
  167  12:39  SCV, Marauder  
  167  12:40  SCV x2  
  172  12:49  Marine x2  
  172  12:50  Marauder, Marine x2  
  174  12:57  Planetary Fortress  
  171  13:06  Viking x2, Missile Turret  
  173  13:20  Marauder x2, Marine x2  
  172  13:36  Marauder, Marine x2  
  175  13:49  Marine x4  
  175  13:50  Marine x2, Marauder x2  
  175  13:54  Marine x2  
  154  13:58  Marauder  
  149  14:04  Medivac x2  
  149  14:06  Widow Mine  
  149  14:07  Marine x4  
  149  14:08  Marine  
  149  14:16  Marine x4  
  152  14:17  Marauder  
  152  14:19  Marauder  
  154  14:32  Marine x3  
Show
View Real Time Build Order
Export as new Build Order

herO Protoss 

Build Orders: 1 Gate Expand, Blink Stalkers, Colossus Rush 

Get SALT Encoding   

  12  0:00  Probe  
  13  0:12  Probe  
  14  0:17  Pylon  
  14  0:24  Probe (Chrono Boost)  
  16  0:36  Probe (Chrono Boost)  
  16  0:37  Gateway  
  16  0:43  Probe (Chrono Boost)  
  16  0:45  Assimilator  
  17  0:50  Probe  
  18  1:02  Probe  
  19  1:15  Probe  
  20  1:24  Cybernetics Core  
  20  1:31  Nexus  
  20  1:36  Pylon  
  21  1:40  Probe  
  21  1:45  Assimilator  
  21  1:52  Probe  
  22  1:57  Adept (Chrono Boost)  
  22  2:00  Warp Gate  
  24  2:04  Probe  
  25  2:15  Twilight Council  
  25  2:16  Probe  
  25  2:21  Adept  
  28  2:28  Probe  
  28  2:40  Probe  
  28  2:42  Probe  
  28  2:43  Blink (Chrono Boost)  
  30  2:52  Probe  
  30  2:55  Probe  
  30  2:56  Gateway  
  32  3:05  Probe  
  33  3:07  Probe  
  34  3:12  Robotics Facility  
  34  3:23  Probe x2  
  36  3:30  Pylon  
  36  3:31  Assimilator  
  36  3:35  Probe x2  
  36  3:41  Pylon  
  38  3:47  Probe x2  
  40  3:49  Stalker  
  40  3:50  Stalker  
  44  3:59  Probe x2  
  44  4:00  Observer  
  47  4:10  Robotics Bay  
  47  4:11  Probe  
  47  4:12  Probe  
  47  4:14  Stalker x2  
  53  4:23  Probe  
  53  4:24  Probe, Pylon  
  55  4:28  Charge  
  55  4:37  Nexus  
  55  4:40  Probe x2  
  55  4:42  Observer (Chrono Boost)  
  58  4:46  Pylon  
  58  4:49  Pylon  
  59  4:52  Probe  
  59  4:53  Probe  
  59  4:58  Shield Battery  
  59  4:59  Colossus (Chrono Boost)  
  60  5:06  Probe x2  
  67  5:14  Gateway  
  67  5:15  Gateway  
  67  5:19  Probe x2  
  69  5:23  Pylon  
  69  5:29  Shield Battery  
  69  5:35  Colossus (Chrono Boost)  
  69  5:36  Probe  
  69  5:37  Probe  
  69  5:42  Zealot  
  79  5:43  Zealot  
  79  5:49  Extended Thermal Lance  
  72  5:59  Probe x2  
  73  6:09  Pylon  
  73  6:11  Probe  
  74  6:12  Pylon  
  74  6:13  Pylon  
  74  6:23  Colossus (Chrono Boost)  
  72  6:28  Nexus  
  72  6:31  Pylon  
  72  6:32  Sentry  
  78  6:35  Probe x2  
  80  6:41  Sentry, Zealot x2  
  86  6:47  Forge  
  86  6:48  Probe x2  
  88  6:55  Observer  
  88  6:57  Pylon  
  88  6:59  Pylon  
  88  7:01  Colossus (Chrono Boost)  
  94  7:12  Stalker  
  94  7:13  Zealot, Stalker  
  100  7:18  Zealot  
  100  7:20  Pylon  
  100  7:21  Protoss Ground Weapons Level 1 (Chrono Boost)  
  102  7:24  Probe  
  102  7:25  Probe  
  104  7:39  Shield Battery  
  104  7:40  Zealot, Stalker x2  
  104  7:43  Zealot  
  112  7:45  Shield Battery  
  112  7:48  Warp Prism (Chrono Boost)  
  112  7:59  Gateway  
  112  8:05  Gateway  
  112  8:06  Gateway  
  112  8:07  Probe  
  112  8:08  Probe  
  112  8:11  Stalker x2  
  118  8:18  Observer  
  118  8:19  Gateway, Probe  
  120  8:29  Pylon  
  120  8:31  Stalker x2  
  124  8:36  Nexus  
  123  8:46  Colossus (Chrono Boost)  
  123  8:57  Stalker x3  
  123  8:58  Probe x3  
  123  9:00  Shield Battery  
  132  9:09  Observer  
  132  9:11  Protoss Ground Armor Level 1 (Chrono Boost)  
  132  9:13  Dark Shrine  
  132  9:15  Observer, Zealot x4, Pylon  
  140  9:17  Assimilator, Probe x3  
  140  9:19  Zealot  
  145  9:24  Zealot x2  
  149  9:41  Zealot x4  
  149  9:43  Photon Cannon  
  156  9:49  Probe x3  
  156  9:52  Photon Cannon  
  160  9:53  Observer (Chrono Boost)  
  158  10:03  Gateway  
  144  10:07  Stalker x4  
  144  10:08  Stalker  
  144  10:12  Zealot x2  
  152  10:18  Disruptor (Chrono Boost)  
  134  10:25  Zealot  
  136  10:29  Gateway  
  136  10:30  Gateway  
  136  10:33  Dark Templar  
  136  10:35  Zealot x5  
  148  10:39  Dark Templar  
  150  10:51  Assimilator, Probe x3  
  150  10:52  Probe  
  150  10:53  Disruptor (Chrono Boost)  
  156  10:59  Zealot x3, Stalker, Pylon  
  156  11:00  Zealot  
  162  11:13  Pylon  
  162  11:14  Pylon x2  
  157  11:21  Disruptor (Chrono Boost)  
  157  11:28  Stalker x3  
  157  11:29  Stalker  
  163  11:37  Photon Cannon  
  161  11:40  Pylon  
  161  11:42  Zealot x7  
  161  11:46  Disruptor (Chrono Boost)  
  167  11:52  Zealot x4  
  127  12:03  Zealot x2, Stalker x4  
  127  12:08  Probe x4  
  139  12:14  Photon Cannon  
  133  12:18  Observer (Chrono Boost)  
  133  12:20  Stalker x3  
  139  12:26  Zealot x3  
  143  12:32  Zealot x2  
  143  12:33  Protoss Ground Weapons Level 2 (Chrono Boost)  
  147  12:38  Zealot  
  149  12:45  Disruptor (Chrono Boost)  
  149  12:51  Pylon  
  147  12:58  Zealot x6  
  147  12:59  Zealot  
  147  13:02  Sentry, Zealot  
  165  13:09  Zealot x2  
  165  13:11  Disruptor (Chrono Boost)  
  161  13:35  Zealot x9  
  179  13:45  Nexus  
  118  13:58  Colossus (Chrono Boost)  
  86  14:04  Sentry  
  86  14:05  Stalker x5  
  86  14:09  Zealot x3  
  98  14:15  Zealot x2  
  85  14:31  Zealot  
  85  14:32  Zealot x6  

Tags
 
Add a new tag
Caveats
  • Supply blocks, unpowered buildings, or Contaminate may cause inaccurate times.
  • Supply counts are checked every 10 seconds.